 Dungeon Crawl Stone Soup version 0.18.1-50-g88ac8fd (webtiles) character file.

302 magog001 the Sneak (level 6, -1/46 HPs)
             Began as a Vampire Assassin on Nov 29, 2016.
             Slain by a scorpion (2 damage)
             ... on level 3 of the Dungeon.
             The game lasted 00:28:10 (3945 turns).

magog001 the Sneak (Vampire Assassin)               Turns: 3945, Time: 00:28:11

Health: -1/46      AC:  8    Str:  7 (10) XL:     6   Next: 14%
Magic:  6/6        EV: 12    Int: 11 (14) God:
Gold:   140        SH:  3    Dex: 14 (17) Spells: 0 memorised, 5 levels left

rFire  . . .     SeeInvis +     a - +2 dagger
rCold  + . .     Gourm    .     c - +2 leather armour {rC+}
rNeg   . . .     Faith    .     q - +0 buckler
rPois  .         Spirit   .     (no helmet)
rElec  .         Dismiss  .     d - +0 cloak
rCorr  .         Reflect  .     k - +1 pair of gloves
SustAt .         Harm     .     (no boots)
MR     .....                    (no amulet)
Stlth  ++++......               (no ring)
                                (no ring)

@: lethally poisoned (-1 -> -9), regenerating quickly, not resistant to hostile
enchantments, stealthy
A: fangs 3, see invisible, unbreathing
a: no special abilities


You were on level 3 of the Dungeon.
You were full.

You visited 1 branch of the dungeon, and saw 4 of its levels.

You collected 140 gold pieces.

Inventory:

Hand Weapons
 a - a +2 dagger (weapon)
 b - a +1 blowgun
 h - a +0 hunting sling
 x - a +1 hand axe of electrocution
Missiles
 e - 9 poisoned needles
 f - 2 curare-tipped needles
 l - 17 tomahawks (quivered)
 m - 49 sling bullets
 n - 2 needles of sleeping
Armour
 c - a +2 leather armour of cold resistance (worn)
 d - a +0 cloak (worn)
 j - a +0 pair of gloves
 k - a +1 pair of gloves (worn)
 q - a +0 buckler (worn)
 y - a +0 robe
Scrolls
 i - 2 scrolls of identify
 A - 4 scrolls of remove curse
Potions
 g - 19 potions of blood
 r - a potion of lignification {unknown}
 u - 2 potions of degeneration


   Skills:
 * Level 2.4 Fighting
 + Level 2.5 Short Blades
 * Level 3.7 Throwing
 * Level 3.3 Dodging
 * Level 7.2 Stealth


You had 5 spell levels left.
You didn't know any spells.

Dungeon Overview and Level Annotations

Branches:
Dungeon (4/15)
 Temple: D:4-7

Altars:


Innate Abilities, Weirdness & Mutations

Your natural rate of healing is unusually fast.
You have razor-sharp teeth.
You have supernaturally acute eyesight.
You can survive without breathing.


Message History

You are lethally poisoned!
The scorpion poisons you!
You barely miss the scorpion.
The scorpion is heavily wounded.
* * * LOW HITPOINT WARNING * * *
You feel sick. The scorpion closely misses you.
You closely miss the scorpion.
The scorpion is heavily wounded.
* * * LOW HITPOINT WARNING * * *
You feel sick. The scorpion stings you!
* * * LOW HITPOINT WARNING * * *
You hit the scorpion but do no damage.
The scorpion is heavily wounded.
* * * LOW HITPOINT WARNING * * *
You feel sick. The scorpion barely misses you.
You hit the scorpion.
The scorpion is heavily wounded.
* * * LOW HITPOINT WARNING * * *
You feel sick. The scorpion stings you.
You die...

......###
##...#########.
..###...#
##.....#### #.
........#
#.........# #.
..###...#
##......##.# ##
...##..##
####..[...###.#
.......# #<.(.#...##
#.# ...###.#
#####.##...### #.#
...#
#.###.......#.##
#.###### ...#
#.##.#.##.#@#.#
#....... ####
#...###.#.#s#.#
######## #
####.#........# ##
#.#.(.....# .######
##.##.....## ###
.......#.#.###.#.###
### #.. .######.##.#
#..... ..# #.# ##
#.##.# #...### #.#
#.# # #.##.###...#
#.# #.#


You could see a scorpion.

Vanquished Creatures
  2 orc wizards (D:3)
  Jessica (D:3)
  Ijyb (D:2)
  8 gnolls
  2 adders
  An adder skeleton (D:3)
  2 worms
  3 dart slugs
  4 giant geckos
  7 orcs
  7 ball pythons (D:2)
  3 goblins
  6 hobgoblins
  13 jackals (D:3)
  A quokka (D:3)
  8 bats
  2 giant newts
  7 kobolds
  4 rats
82 creatures vanquished.

Notes
Turn   | Place    | Note
--------------------------------------------------------------
     0 | D:1      | magog001 the Vampire Assassin began the quest for the Orb.
     0 | D:1      | Reached XP level 1. HP: 16/16 MP: 1/1
   282 | D:1      | Reached skill level 6 in Stealth
   376 | D:1      | Reached XP level 2. HP: 22/22 MP: 2/2
  1196 | D:2      | Reached XP level 3. HP: 16/27 MP: 3/3
  1463 | D:2      | Noticed Ijyb
  1478 | D:2      | Killed Ijyb
  1605 | D:2      | Reached XP level 4. HP: 33/33 MP: 4/4
  1978 | D:3      | Noticed Jessica
  1991 | D:3      | Killed Jessica
  1991 | D:3      | Reached skill level 7 in Stealth
  1991 | D:3      | Reached XP level 5. HP: 38/38 MP: 5/5
  3839 | D:3      | Reached XP level 6. HP: 39/45 MP: 6/6
  3919 | D:4      | Gained mutation: You are resistant to hostile enchantments. [potion of mutation]
  3919 | D:4      | Gained mutation: You are robust (+10% HP). [potion of mutation]
  3919 | D:4      | Gained mutation: You are partially covered in large bone plates (AC +2, SH +2). [potion of mutation]
  3922 | D:4      | Lost mutation: You are partially covered in large bone plates (AC +2, SH +2). [potion of cure mutation]
  3922 | D:4      | Lost mutation: You are robust (+10% HP). [potion of cure mutation]
  3922 | D:4      | Lost mutation: You are resistant to hostile enchantments. [potion of cure mutation]
  3944 | D:3      | HP: 2/46 [poisoned by a scorpion]
  3945 | D:3      | Slain by a scorpion

Skill      XL: |  1  2  3  4  5 |
---------------+----------------+-----
Stealth        | 6 7 |  7.2
Throwing       | 2 3 |  3.7
Dodging        | 2 3 |  3.3
Fighting       | 2 |  2.4
Short Blades   | |  2.5

Action                   |  1- 3 |  4- 6 || total
-------------------------+-------+-------++-------
Melee: Dagger            |    32 |   146 ||   178
       Bite              |     4 |    17 ||    21
       Hand axe          |       |     8 ||     8
 Fire: Blowgun           |    69 |    97 ||   166
Throw: Tomahawk          |       |    11 ||    11
  Use: Potion            |     7 |    15 ||    22
       Scroll            |     5 |     6 ||    11
 Stab: Sleeping          |     4 |       ||     4
       Distracted        |       |     1 ||     1
Armor: Robe              |    17 |    45 ||    62
       Leather armour    |       |     9 ||     9
Dodge: Dodged            |    49 |   108 ||   157
Block: Buckler           |       |     3 ||     3
